 Dungeon Crawl Stone Soup version 0.26.0-11-g8f856b5395 (webtiles) character file.

Game seed: 15595206631600196146

2430 Acheron the Grappler (level 9, 0/80 HPs)
             Began as a Troll Fire Elementalist on Jan 15, 2021.
             Slain by a five-headed hydra (4 damage)
             ... while petrified by a basilisk
             ... on level 2 of the Lair of Beasts.
             The game lasted 00:28:41 (5033 turns).

Acheron the Grappler (Troll Fire Elementalist)      Turns: 5033, Time: 00:28:42

Health: 0/80       AC: 11    Str: 18    XL:     9   Next: 24%
Magic:  11/11      EV:  1    Int: 11    God:
Gold:   481        SH:  0    Dex: 13    Spells: 8/12 levels left

rFire    . . .     SeeInvis .     - Unarmed
rCold    . . .     Faith    .   c - +0 kite shield
rNeg     + + +     Spirit   .   h - +2 robe {Will+}
rPois    ∞         Reflect  .   (helmet restricted)
rElec    .         Harm     .   b - +2 cloak
rCorr    .         Rampage  .   (gloves unavailable)
Will     +....                  (boots unavailable)
Stlth    ++........             t - amulet of the acrobat
HPRegen  0.63/turn              (no ring)
MPRegen  0.12/turn              (no ring)

@: petrified
A: large, unfitting armour, claws 3, regeneration 1, shaggy fur 1, tough skin 3
a: no special abilities


You were on level 2 of the Lair of Beasts.
You visited 3 branches of the dungeon, and saw 12 of its levels.
You also visited: Sewer and Ossuary.

You collected 481 gold pieces.

Inventory:

Hand Weapons
 o - a +2 spear of flaming
 C - a +0 war axe
Missiles
 d - 20 sling bullets
 j - 48 stones
 p - 16 poisoned darts
 y - 3 large rocks (quivered)
Armour
 b - a +2 cloak (worn)
 c - a +0 kite shield (worn)
 h - a +2 robe of willpower (worn)
Jewellery
 m - an uncursed ring of wizardry {unknown}
 t - an amulet of the acrobat (around neck)
Wands
 z - a wand of acid (11)
Scrolls
 e - 2 scrolls of fog
 f - 4 scrolls of amnesia
 g - a scroll of enchant armour
 k - 2 scrolls of fear
 l - 5 scrolls of remove curse
 s - a scroll of identify
 w - 2 scrolls of teleportation
 D - a scroll of enchant weapon
Potions
 i - a potion of brilliance {unknown}
 n - a potion of lignification {unknown}
 q - 3 potions of heal wounds
 r - a potion of might {unknown}
 u - 3 potions of invisibility
 v - 6 potions of curing
 x - 2 potions of mutation
 B - a potion of ambrosia {unknown}
 F - a potion of berserk rage {unknown}
Miscellaneous
 a - a phial of floods


   Skills:
 * Level 2.7 Fighting
 * Level 1.6 Axes
 * Level 2.9 Throwing
 * Level 4.4 Dodging
 * Level 2.6 Stealth
 * Level 1.3 Shields
 * Level 8.1 Unarmed Combat
 * Level 2.2 Spellcasting
 + Level 0.6 Conjurations
 + Level 2.4 Fire Magic


You had 8 spell levels left.
You knew the following spells:

 Your Spells              Type           Power        Failure   Level
a - Foxfire               Conj/Fire      16%          63%         1
b - Conjure Flame         Conj/Fire      4%           94%         3

Your spell library contained the following spells:

 Spells                   Type           Power        Failure   Level
 Inner Flame              Hex/Fire       3%           95%         3
 Sticky Flame             Conj/Fire      4%           100%        4
 Fireball                 Conj/Fire      2%           100%        5


Dungeon Overview and Level Annotations

Branches:
Dungeon (8/15)             Temple (1/1) D:7            Lair (3/6) D:8
  Snake (0/4) Lair:2        Sewer (visited)         Ossuary (visited)
  Swamp: Lair:2-4    Shoals: Lair:2-4

Altars:
Ashenzari
Cheibriados
Dithmenos
Elyvilon
Fedhas
Gozag
Hepliaklqana
Makhleb
Sif Muna
Trog
Uskayaw
Wu Jian
Zin
The Shining One

Shops:
D:5 :

Annotations:
D:3 exclusion: downstairs
D:4 Dowan
D:5 exclusion: downstairs
D:6 Blork the orc
D:7 2 transporters, Drevant2's ghost, novice DEEE


Innate Abilities, Weirdness & Mutations

You are too large for most types of armour.
You have claws for hands.
Your natural rate of healing is unusually fast.
You are covered in fur. (AC +1)
You have extremely tough skin. (AC +3)


Message History

The five-headed hydra bites you but does no damage.
The five-headed hydra bites you! The basilisk bites you.
The boulder beetle curls into a ball and begins rolling!
The black mamba bites you.
The yak bellows!
The black mamba bites you but does no damage.
The five-headed hydra bites you but does no damage.
The five-headed hydra bites you!
* * * LOW HITPOINT WARNING * * *
The five-headed hydra bites you. The five-headed hydra bites you!
* * * LOW HITPOINT WARNING * * *
The five-headed hydra bites you!
* * * LOW HITPOINT WARNING * * *
The basilisk bites you but does no damage.
The black mamba bites you!
* * * LOW HITPOINT WARNING * * *
The wyvern bites you.
* * * LOW HITPOINT WARNING * * *
The five-headed hydra bites you. The five-headed hydra bites you!
You die...

#...P ....### ##....P
##..... .....# .<..#
##Dl# #.@# #lSP..#
.Y.........
##..........Y.........#
##.........B...###....##
P^........°.... #...#
.........°Y.... ####
...............
.....#....#.


You could see a boulder beetle, a five-headed hydra, a black mamba, 3 yaks, a
basilisk and a wyvern.

Vanquished Creatures
  A blink frog (Lair:3)
  2 water moccasins
  An ice beast (D:5)
  3 ogres
  A phantom (D:5)
  A centaur (D:7)
  6 big kobolds (Sewer)
  6 bullfrogs
  A killer bee (D:8)
  A howler monkey (D:7)
  A hound (D:8)
  2 orc wizards (D:8)
  A centaur skeleton (D:5)
  2 iguanas (D:5)
  4 worker ants
  9 mummies
  A worker ant zombie (D:8)
  A gnoll (D:4)
  9 adders
  3 river rats
  A shadow imp (D:5)
  A white imp (D:7)
  4 ufetubi
  3 oozes (Sewer)
  An adder zombie (D:7)
  2 adder skeletons
  6 worms
  A dart slug (D:1)
  2 leopard geckos (D:5)
  4 orcs
  2 ball pythons
  3 giant cockroaches
  6 goblins
  A hobgoblin (D:1)
  2 quokkas
  12 bats
  3 frilled lizards
  A goblin zombie (D:7)
  3 hobgoblin zombies (Ossuary)
  9 kobolds
  3 kobold zombies (Ossuary)
  2 orc zombies (Ossuary)
  15 rats
143 creatures vanquished.

Vanquished Creatures (others)
  4 fungi (Lair:3)
  2 plants (Lair:3)
6 creatures vanquished.

Grand Total: 149 creatures vanquished

Notes
Turn   | Place    | Note
-------+----------+-------------------------------------------
     0 | D:1      | Acheron the Troll Fire Elementalist began the quest for the
                  | Orb.
     0 | D:1      | Reached XP level 1. HP: 16/16 MP: 1/1
    13 | D:1      | Noticed an electric eel
   175 | D:1      | Reached XP level 2. HP: 24/24 MP: 3/3
   887 | D:2      | Reached XP level 3. HP: 32/32 MP: 4/4
   989 | D:2      | Found an opulent altar of Gozag.
  1131 | D:3      | Reached skill level 1 in Unarmed Combat
  1353 | D:3      | Noticed an ogre
  1465 | D:3      | Found a glowing drain.
  1475 | D:3      | Reached XP level 4. HP: 40/40 MP: 5/5
  1490 | Sewer    | Entered a sewer
  1660 | Sewer    | Noticed a big kobold
  1680 | Sewer    | Killed a big kobold
  1681 | Sewer    | Reached skill level 1 in Fighting
  1681 | Sewer    | Reached skill level 2 in Unarmed Combat
  1681 | Sewer    | Reached XP level 5. HP: 41/48 MP: 6/6
  1774 | Sewer    | Reached skill level 1 in Throwing
  1774 | Sewer    | Reached skill level 3 in Unarmed Combat
  1811 | Sewer    | Reached XP level 6. HP: 52/55 MP: 7/7
  1937 | Sewer    | Reached skill level 4 in Unarmed Combat
  2089 | Sewer    | Reached XP level 7. HP: 52/62 MP: 8/8
  2201 | D:4      | Learned a level 3 spell: Conjure Flame
  2208 | D:4      | Noticed Dowan
  2228 | D:4      | Reached skill level 5 in Unarmed Combat
  2705 | D:5      | Entered Level 5 of the Dungeon
  2823 | D:5      | Found a shadowy altar of Dithmenos.
  2906 | D:5      | Reached skill level 6 in Unarmed Combat
  3020 | D:5      | Reached XP level 8. HP: 65/72 MP: 9/9
  3076 | D:6      | Noticed Blork the orc
  3317 | D:5      | Found Pited's Book Shop.
  3874 | D:7      | Found a staircase to the Ecumenical Temple.
  3907 | Temple   | Entered the Ecumenical Temple
  4035 | D:7      | Found a transporter.
  4035 | D:7      | Noticed a red ugly thing
  4038 | D:7      | Found a transporter.
  4040 | D:7      | Noticed Drevant2's ghost (novice DEEE)
  4223 | D:7      | Found a sand-covered staircase.
  4236 | Ossuary  | Entered an ossuary
  4422 | Ossuary  | Reached skill level 7 in Unarmed Combat
  4662 | D:8      | Reached skill level 1 in Axes
  4673 | D:8      | Found a staircase to the Lair.
  4692 | D:8      | Reached skill level 1 in Shields
  4722 | D:8      | Noticed a hornet
  4820 | Lair:1   | Entered Level 1 of the Lair of Beasts
  4864 | Lair:1   | Reached XP level 9. HP: 79/80 MP: 11/11
  4940 | Lair:2   | Found a staircase to the Snake Pit.
  4989 | Lair:3   | Noticed a komodo dragon
  5000 | Lair:3   | Reached skill level 8 in Unarmed Combat
  5024 | Lair:3   | Noticed a black mamba
  5024 | Lair:3   | Noticed a death yak
  5024 | Lair:3   | Noticed a death yak
  5025 | Lair:3   | Noticed a death yak
  5027 | Lair:2   | Noticed a boulder beetle
  5027 | Lair:2   | Noticed a five-headed hydra
  5033 | Lair:2   | HP: 4/80 [wyvern (3)]
  5033 | Lair:2   | Slain by a five-headed hydra

Illustrated notes

Levels and vault maps discovered:
D:1:      arrival_aquarium_a, layout_loops_ring, minmay_misc_feat_ornament,
          hangedman_decor_push, st_stairs_14,
          hangedman_abyss_or_decor_lesser_grid
D:2:      layout_loops_ring, general_overflow_altar, minitemple,
          mrwooster_statue_mirror, ebering_dispersal_statue_hall
D:3:      layout_rooms, portal_sewer_entry_b, lightli_corner_chamber
D:4:      layout_basic, uniq_duvessa
D:5:      layout_rooms, serial_co_window_serial, co_window_paths_b,
          co_window_paths_b, co_window_cross_1, co_window_paths_a,
          co_window_paths_b, co_window_of_opportunity_b, co_window_corner_cb,
          co_window_corner_cb, co_window_2corner, co_window_corner_b,
          co_window_corner_b, co_window_4corner_a, co_window_4corner_b,
          glass_columns_c, glass_columns_c, glass_columns_a, glass_columns_b,
          glass_columns_a, serial_shops, nicolae_shop_statue_plus,
          grunt_dithmenos_smoke
D:6:      layout_loops_corners, minmay_shop_grid_forest, uniq_blork_the_orc,
          uniq_sigmund, uniq_eustachio
D:7:      layout_basic, minmay_temple_entry_tees, nzn_ghost_randoct,
          nicolae_ossuary_entry_giza
D:8:      layout_loops_cross, lair_entry_dummy
Temple:   nicolae_temple_god_jail
Lair:1:   layout_loops_ring, patterned_corridor, infiniplex_staircase_pool
Lair:2:   layout_hall_layers, minivault_19
Lair:3:   layout_loops_ring, hangedman_lair_generics_rect, grunt_megastairs_5,
          uniq_urug

Skill      XL: |  1  2  3  4  5  6  7  8  9 |
---------------+----------------------------+-----
Dodging        | 2 3 4 |  4.4
Unarmed Combat | 1 2 3 4 6 7 8 |  8.1
Fighting       | 1 2 |  2.7
Throwing       | 1 2 |  2.9
Stealth        | 2 |  2.6
Spellcasting   | 2 |  2.2
Axes           | 1 |  1.6
Shields        | 1 |  1.3
Conjurations   | |  0.6
Fire Magic     | |  2.4

Action                   |  1- 3 |  4- 6 |  7- 9 || total
-------------------------+-------+-------+-------++-------
Melee: Unarmed           |   150 |   121 |   311 ||   582
       Punch             |       |     2 |     2 ||     4
Throw: Dart              |       |       |     2 ||     2
       Large rock        |       |       |     2 ||     2
  Use: Scroll            |       |       |    20 ||    20
 Stab: Sleeping          |     4 |       |     6 ||    10
Armor: Robe              |    99 |    32 |   109 ||   240
Dodge: Dodged            |   118 |    49 |   141 ||   308
Block: Kite shield       |       |       |    53 ||    53
